AoeStats
← Chaac1706

Arabia

506852680Analyzed
1v1 RM · 17d ago on Sep 15, 2026· 33m 11s· 2 players
Game mode
Random Map
Map size
Tiny (2 player)
Population
200
Speed
Normal
Resources
Standard
Victory
Conquest
Starting age
Dark Age
Ending age
Imperial Age
RankedLock teamsTeams togetherTeam positionsShared explorationLock speedFull tech treeHidden civsTurbo modeCheats
Victory
Defeat
🇨🇴 Muisca · Colombia
1189
+14
🇪🇸 Hindustanis · Spain
1147
-14
Chaac1706
6:07 Loom
9:14 Feudal Age
9:18 Champi Runner
12:18 Double-Bit Axe
16:11 Fletching
16:38 Padded Archer Armor
16:38 Horse Collar
17:56 Gold Mining
20:07 Wheelbarrow
19:47 Town Watch
23:52 Castle Age
24:49 Bodkin Arrow
24:18 Crossbowman
25:04 Thumb Ring
24:19 Elite Skirmisher
29:27 Scale Mail Armor
29:38 Town Patrol
29:43 Pikeman
30:24 Squires
31:02 Hand Cart
35:24 Imperial Age
Goingslowly2755
7:15 Loom
9:42 Feudal Age
9:47 Man-at-Arms
16:02 Double-Bit Axe
20:00 Fletching
20:10 Padded Archer Armor
26:02 Castle Age
24:18 Horse Collar
25:16 Bloodlines
25:41 Scale Barding Armor
25:46 Gold Mining
26:31 Forging
30:52 Chain Barding Armor
Connection lost

Rejoining the realm…

Still unreachable

The connection could not be restored.

Session expired

The server has moved on; the page needs a fresh start.